Workbook

Sheet Estudio de mercado
A1: GESTIÓN CONTRACTUAL
A2: ELABORACIÓN ESTUDIOS DE MERCADO - PROCESOS DE GESTIÓN CONTRACTUAL
AC3: TODAS LAS COTIZACIONES
A4: DESCRIPCIÓN GENERAL | I4: AMBICOL SERVICES SAS PROVEEDOR 1 | L4: HISTÓRICOS DE LA ENTIDAD | T4: VARIACIONES PORCENTUALES | Z4: =AC4 -> PROMEDIO (INDEXACIÓN DE PRECIOS - PRECIOS DE REFERENCIA, ETC) | AC4: PROMEDIO (INDEXACIÓN DE PRECIOS - PRECIOS DE REFERENCIA, ETC) | AF4: MEDIA GEOMÉTRICA (INDEXACIÓN DE PRECIOS - PRECIOS DE REFERENCIA, ETC) | AI4: MEDIA ARMÓNICA (INDEXACIÓN DE PRECIOS - PRECIOS DE REFERENCIA, ETC)
A5: No. Item | B5: Especificación técnica | C5: Ubicación | D5: Parque o sede administrativa | E5: Área aproximada | F5: Unidad de Medida | G5: Cantidad de servicios | H5: IVA | I5: Precio unitario sin IVA | J5: Precio unitario IVA incluido | K5: Precio total IVA incluido | L5: Área (mts2) 2024 | M5: Precio unitario sin IVA 2024 con área 2024 | N5: Precio unitario sin IVA 2024 por mt2 con área 2024 | O5: Precio unitario sin IVA 2024 con área 2026 | P5: Precio unitario sin IVA indexado 5,2% (2025) | Q5: Precio unitario sin IVA indexado 5,1% (2026) | R5: Precio unitario IVA incluido | S5: Precio total IVA incluido | T5: TWENTY AGENCIA CREATIVA SAS | U5: GRUPO INTEGRAL 3MC | V5: MUNDO MONTAJES SAS | W5: MERAKI EXPERIENCIAS SAS | X5: XIE SOLUCIONES SAS | Y5: TALLER DE DISEÑO S.A.S | Z5: Precio unitario sin IVA | AA5: Precio unitario IVA incluido | AB5: Precio total IVA incluido | AC5: Precio unitario sin IVA | AD5: Precio unitario IVA incluido | AE5: Precio total IVA incluido | AF5: Precio unitario sin IVA | AG5: Precio unitario IVA incluido | AH5: Precio total IVA incluido | AI5: Precio unitario sin IVA | AJ5: Precio unitario IVA incluido | AK5: Precio total IVA incluido
A6: 1 | B6: Servicio de fumigación y desinfección de ambientes en áreas interiores, utilizando técnicas como: desinfección desinsectación, Inmunización de maderas y desratización para el control de plagas y mantenimiento de las instalaciones libres de microorganismos (hongos, levaduras, bacterias), aplicación de cebos especiales para roedores y voladores, en el parque Arqueológico de San Agustín - | C6: San Agustín - Huila | D6: San Agustín | E6: 2244.4 | F6: Servicio | G6: 1 | H6: 0.19 | I6: 35600000 | J6: =ROUND(H6*I6+I6,0) -> 42364000 | K6: =ROUND(J6*G6,0) -> 42364000 | L6: 2671 | M6: 13061190 | N6: =M6/L6 -> 4890 | O6: =N6*E6 -> 10975116 | P6: =ROUND(O6*(1+5.2%),0) -> 11545822 | Q6: =ROUND(P6*(1+5.1%),0) -> 12134659 | R6: =ROUND(H6*Q6+Q6,0) -> 14440244 | S6: =ROUND(R6*G6,0) -> 14440244 | T6: =I6/$AC6-1 -> 0.49157866 | U6: =#REF!/$AC6-1 -> #REF! | V6: =#REF!/$AC6-1 -> #REF! | W6: =#REF!/$AC6-1 -> #REF! | X6: =#REF!/$AC6-1 -> #REF! | Y6: =#REF!/$AC6-1 -> #REF! | Z6: =AC6 -> 23867330 | AA6: =ROUND($H6*Z6+Z6,0) -> 28402123 | AB6: =ROUND(AA6*$G6,0) -> 28402123 | AC6: =ROUND(AVERAGE($I6,$Q6),0) -> 23867330 | AD6: =ROUND($H6*AC6+AC6,0) -> 28402123 | AE6: =ROUND(AD6*$G6,0) -> 28402123 | AF6: =ROUND(GEOMEAN($I6,$Q6),0) -> 20784462 | AG6: =ROUND($H6*AF6+AF6,0) -> 24733510 | AH6: =ROUND(AG6*$G6,0) -> 24733510 | AI6: =ROUND(HARMEAN($I6,$Q6),0) -> 18099799 | AJ6: =ROUND($H6*AI6+AI6,0) -> 21538761 | AK6: =ROUND(AJ6*$G6,0) -> 21538761
A7: 2 | B7: Servicio de fumigación y desinfección de ambientes en áreas interiores, utilizando técnicas como: desinfección desinsectación, Inmunización de maderas y desratización para el control de plagas y mantenimiento de las instalaciones libres de microorganismos (hongos,levaduras,bacterias), aplicación de cebos especiales para roedores y voladores, en el Parque Arqueológico Ídolos, ubicado en la Vereda Ídolos, municipio de Isnos – Huila. | C7: Isnos - Huila | D7: Alto de los Ídolos | E7: 690.68 | F7: Servicio | G7: 1 | H7: 0.19 | I7: 4450000 | J7: =ROUND(H7*I7+I7,0) -> 5295500 | K7: =ROUND(J7*G7,0) -> 5295500 | L7: 72.38 | M7: 817918 | N7: =M7/L7 -> 11300.332 | O7: =N7*E7 -> 7804913 | P7: =ROUND(O7*(1+5.2%),0) -> 8210768 | Q7: =ROUND(P7*(1+5.1%),0) -> 8629517 | R7: =ROUND(H7*Q7+Q7,0) -> 10269125 | S7: =ROUND(R7*G7,0) -> 10269125 | T7: =I7/$AC7-1 -> -0.31954679 | U7: =#REF!/$AC7-1 -> #REF! | V7: =#REF!/$AC7-1 -> #REF! | W7: =#REF!/$AC7-1 -> #REF! | X7: =#REF!/$AC7-1 -> #REF! | Y7: =#REF!/$AC7-1 -> #REF! | Z7: =AC7 -> 6539759 | AA7: =ROUND($H7*Z7+Z7,0) -> 7782313 | AB7: =ROUND(AA7*$G7,0) -> 7782313 | AC7: =ROUND(AVERAGE($I7,$Q7),0) -> 6539759 | AD7: =ROUND($H7*AC7+AC7,0) -> 7782313 | AE7: =ROUND(AD7*$G7,0) -> 7782313 | AF7: =ROUND(GEOMEAN($I7,$Q7),0) -> 6196882 | AG7: =ROUND($H7*AF7+AF7,0) -> 7374290 | AH7: =ROUND(AG7*$G7,0) -> 7374290 | AI7: =ROUND(HARMEAN($I7,$Q7),0) -> 5871983 | AJ7: =ROUND($H7*AI7+AI7,0) -> 6987660 | AK7: =ROUND(AJ7*$G7,0) -> 6987660
A8: 3 | B8: Servicio de fumigación y desinfección de ambientes en áreas interiores, utilizando técnicas como: desinfección desinsectación, Inmunización de maderas y desratización para el control de plagas y mantenimiento de las instalaciones libres de microorganismos (hongos,levaduras,bacterias), aplicación de cebos especiales para roedores y voladores, en el Parque Arqueológico Alto de las Piedras, ubicado en la Vereda Las Delicias, municipio de Isnos – Huila. | C8: Isnos - Huila | D8: Alto de las Piedras | E8: 60 | F8: Servicio | G8: 1 | H8: 0.19 | I8: 3200000 | J8: =ROUND(H8*I8+I8,0) -> 3808000 | K8: =ROUND(J8*G8,0) -> 3808000 | L8: 0 | M8: 0 | N8: 0 | O8: =N8*E8 -> 0 | P8: =ROUND(O8*(1+5.2%),0) -> 0 | Q8: =ROUND(P8*(1+5.1%),0) -> 0 | R8: =ROUND(H8*Q8+Q8,0) -> 0 | S8: =ROUND(R8*G8,0) -> 0 | T8: =I8/$AC8-1 -> 0 | U8: =#REF!/$AC8-1 -> #REF! | V8: =#REF!/$AC8-1 -> #REF! | W8: =#REF!/$AC8-1 -> #REF! | X8: =#REF!/$AC8-1 -> #REF! | Y8: =#REF!/$AC8-1 -> #REF! | Z8: =AC8 -> 3200000 | AA8: =ROUND($H8*Z8+Z8,0) -> 3808000 | AB8: =ROUND(AA8*$G8,0) -> 3808000 | AC8: =ROUND(AVERAGE($I8),0) -> 3200000 | AD8: =ROUND($H8*AC8+AC8,0) -> 3808000 | AE8: =ROUND(AD8*$G8,0) -> 3808000 | AF8: =ROUND(GEOMEAN($I8),0) -> 3200000 | AG8: =ROUND($H8*AF8+AF8,0) -> 3808000 | AH8: =ROUND(AG8*$G8,0) -> 3808000 | AI8: =ROUND(HARMEAN($I8),0) -> 3200000 | AJ8: =ROUND($H8*AI8+AI8,0) -> 3808000 | AK8: =ROUND(AJ8*$G8,0) -> 3808000
A9: 4 | B9: Servicio de fumigación y desinfección de ambientes en áreas interiores, utilizando técnicas como: desinfección desinsectación, Inmunización de maderas y desratización para el control de plagas y mantenimiento de las instalaciones libres de microorganismos (hongos, levaduras,bacterias), aplicación de cebos especiales para roedores y voladores, en el parque Arqueológico de Tierradentro – Inzá,Cauca. | C9: Inzá - Cauca | D9: Tierradentro | E9: 551.42 | F9: Servicio | G9: 1 | H9: 0.19 | I9: 5200000 | J9: =ROUND(H9*I9+I9,0) -> 6188000 | K9: =ROUND(J9*G9,0) -> 6188000 | L9: 381.94 | M9: 1897144 | N9: =M9/L9 -> 4967.1257 | O9: =N9*E9 -> 2738972.5 | P9: =ROUND(O9*(1+5.2%),0) -> 2881399 | Q9: =ROUND(P9*(1+5.1%),0) -> 3028350 | R9: =ROUND(H9*Q9+Q9,0) -> 3603737 | S9: =ROUND(R9*G9,0) -> 3603737 | T9: =I9/$AC9-1 -> 0.2639229 | U9: =#REF!/$AC9-1 -> #REF! | V9: =#REF!/$AC9-1 -> #REF! | W9: =#REF!/$AC9-1 -> #REF! | X9: =#REF!/$AC9-1 -> #REF! | Y9: =#REF!/$AC9-1 -> #REF! | Z9: =AC9 -> 4114175 | AA9: =ROUND($H9*Z9+Z9,0) -> 4895868 | AB9: =ROUND(AA9*$G9,0) -> 4895868 | AC9: =ROUND(AVERAGE($I9,$Q9),0) -> 4114175 | AD9: =ROUND($H9*AC9+AC9,0) -> 4895868 | AE9: =ROUND(AD9*$G9,0) -> 4895868 | AF9: =ROUND(GEOMEAN($I9,$Q9),0) -> 3968302 | AG9: =ROUND($H9*AF9+AF9,0) -> 4722279 | AH9: =ROUND(AG9*$G9,0) -> 4722279 | AI9: =ROUND(HARMEAN($I9,$Q9),0) -> 3827601 | AJ9: =ROUND($H9*AI9+AI9,0) -> 4554845 | AK9: =ROUND(AJ9*$G9,0) -> 4554845
A10: 5 | B10: Servicio de fumigación y desinfección de ambientes en áreas interiores, utilizando técnicas como: desinfección desinsectación, Inmunización de maderas y desratización para el control de plagas y mantenimiento de las instalaciones libres de microorganismos (hongos, levaduras, bacterias), aplicación de cebos especiales para roedores y voladores, en el parque Arqueológico de Santa María de La Antigua del Darién, Chocó. | C10: Vereda Tanela, Unguía - Chocó | D10: Santa Maria de La Antigua del Darién | E10: 1166 | F10: Servicio | G10: 1 | H10: 0.19 | I10: 8300000 | J10: =ROUND(H10*I10+I10,0) -> 9877000 | K10: =ROUND(J10*G10,0) -> 9877000 | L10: 1115 | M10: 6002417 | N10: =M10/L10 -> 5383.3336 | O10: =N10*E10 -> 6276967 | P10: =ROUND(O10*(1+5.2%),0) -> 6603369 | Q10: =ROUND(P10*(1+5.1%),0) -> 6940141 | R10: =ROUND(H10*Q10+Q10,0) -> 8258768 | S10: =ROUND(R10*G10,0) -> 8258768 | T10: =I10/$AC10-1 -> 0.089228696 | U10: =#REF!/$AC10-1 -> #REF! | V10: =#REF!/$AC10-1 -> #REF! | W10: =#REF!/$AC10-1 -> #REF! | X10: =#REF!/$AC10-1 -> #REF! | Y10: =#REF!/$AC10-1 -> #REF! | Z10: =AC10 -> 7620071 | AA10: =ROUND($H10*Z10+Z10,0) -> 9067884 | AB10: =ROUND(AA10*$G10,0) -> 9067884 | AC10: =ROUND(AVERAGE($I10,$Q10),0) -> 7620071 | AD10: =ROUND($H10*AC10+AC10,0) -> 9067884 | AE10: =ROUND(AD10*$G10,0) -> 9067884 | AF10: =ROUND(GEOMEAN($I10,$Q10),0) -> 7589675 | AG10: =ROUND($H10*AF10+AF10,0) -> 9031713 | AH10: =ROUND(AG10*$G10,0) -> 9031713 | AI10: =ROUND(HARMEAN($I10,$Q10),0) -> 7559401 | AJ10: =ROUND($H10*AI10+AI10,0) -> 8995687 | AK10: =ROUND(AJ10*$G10,0) -> 8995687
A11: 6 | B11: Servicio de fumigación y desinfección de ambientes en áreas interiores, utilizando técnicas como: desinfección desinsectación, Inmunización de maderas y desratización para el control de plagas y mantenimiento de las instalaciones libres de microorganismos (hongos, levaduras, bacterias), aplicación de cebos especiales para roedores y voladores, en la sede administrativa Santa Marta, Magdalena. | C11: Santa Marta - Magdalena | D11: Santa Marta, sede administrativa | E11: 627 | F11: Servicio | G11: 1 | H11: 0.19 | I11: 5200000 | J11: =ROUND(H11*I11+I11,0) -> 6188000 | K11: =ROUND(J11*G11,0) -> 6188000 | L11: 627 | M11: 2972398 | N11: =M11/L11 -> 4740.6667 | O11: =N11*E11 -> 2972398 | P11: =ROUND(O11*(1+5.2%),0) -> 3126963 | Q11: =ROUND(P11*(1+5.1%),0) -> 3286438 | R11: =ROUND(H11*Q11+Q11,0) -> 3910861 | S11: =ROUND(R11*G11,0) -> 3910861 | T11: =I11/$AC11-1 -> 0.22548471 | U11: =#REF!/$AC11-1 -> #REF! | V11: =#REF!/$AC11-1 -> #REF! | W11: =#REF!/$AC11-1 -> #REF! | X11: =#REF!/$AC11-1 -> #REF! | Y11: =#REF!/$AC11-1 -> #REF! | Z11: =AC11 -> 4243219 | AA11: =ROUND($H11*Z11+Z11,0) -> 5049431 | AB11: =ROUND(AA11*$G11,0) -> 5049431 | AC11: =ROUND(AVERAGE($I11,$Q11),0) -> 4243219 | AD11: =ROUND($H11*AC11+AC11,0) -> 5049431 | AE11: =ROUND(AD11*$G11,0) -> 5049431 | AF11: =ROUND(GEOMEAN($I11,$Q11),0) -> 4133942 | AG11: =ROUND($H11*AF11+AF11,0) -> 4919391 | AH11: =ROUND(AG11*$G11,0) -> 4919391 | AI11: =ROUND(HARMEAN($I11,$Q11),0) -> 4027480 | AJ11: =ROUND($H11*AI11+AI11,0) -> 4792701 | AK11: =ROUND(AJ11*$G11,0) -> 4792701
A12: 7 | B12: Servicio de fumigación y desinfección de ambientes en áreas interiores, utilizando técnicas como: desinfección desinsectación y desratización para el control de plagas y mantenimiento de las instalaciones libres de microorganismos (hongos, levaduras, bacterias), aplicación de cebos especiales para roedores y voladores, en la sede administrativa de San José del Guaviare | C12: San José del Guaviare - Guaviare | D12: Sede Adminitrativa San Jose del Guaviaré | E12: 595.59 | F12: Servicio | G12: 1 | H12: 0.19 | I12: 5200000 | J12: =ROUND(H12*I12+I12,0) -> 6188000 | K12: =ROUND(J12*G12,0) -> 6188000 | L12: 200 | M12: 1261700 | N12: =M12/L12 -> 6308.5 | O12: =N12*E12 -> 3757279.5 | P12: =ROUND(O12*(1+5.2%),0) -> 3952658 | Q12: =ROUND(P12*(1+5.1%),0) -> 4154244 | R12: =ROUND(H12*Q12+Q12,0) -> 4943550 | S12: =ROUND(R12*G12,0) -> 4943550 | T12: =I12/$AC12-1 -> 0.11179482 | U12: =#REF!/$AC12-1 -> #REF! | V12: =#REF!/$AC12-1 -> #REF! | W12: =#REF!/$AC12-1 -> #REF! | X12: =#REF!/$AC12-1 -> #REF! | Y12: =#REF!/$AC12-1 -> #REF! | Z12: =AC12 -> 4677122 | AA12: =ROUND($H12*Z12+Z12,0) -> 5565775 | AB12: =ROUND(AA12*$G12,0) -> 5565775 | AC12: =ROUND(AVERAGE($I12,$Q12),0) -> 4677122 | AD12: =ROUND($H12*AC12+AC12,0) -> 5565775 | AE12: =ROUND(AD12*$G12,0) -> 5565775 | AF12: =ROUND(GEOMEAN($I12,$Q12),0) -> 4647803 | AG12: =ROUND($H12*AF12+AF12,0) -> 5530886 | AH12: =ROUND(AG12*$G12,0) -> 5530886 | AI12: =ROUND(HARMEAN($I12,$Q12),0) -> 4618667 | AJ12: =ROUND($H12*AI12+AI12,0) -> 5496214 | AK12: =ROUND(AJ12*$G12,0) -> 5496214
A13: 8 | B13: Servicio de fumigación y desinfección de ambientes en áreas interiores, utilizando técnicas como: desinfección desinsectación y desratización para el control de plagas y mantenimiento de las instalaciones libres de microorganismos (hongos, levaduras, bacterias), aplicación de cebos especiales para roedores y voladores, en la bodega ubicada en la Carrera 73A # 69A-33 en Bogotá | C13: Bogotá -Cundinamarca | D13: Bodega Boyacá Real | E13: 1583.58 | F13: Servicio | G13: 1 | H13: 0.19 | I13: 4750740 | J13: =ROUND(H13*I13+I13,0) -> 5653381 | K13: =ROUND(J13*G13,0) -> 5653381 | L13: 1700 | M13: 5978333 | N13: =M13/L13 -> 3516.6665 | O13: =N13*E13 -> 5568922.7 | P13: =ROUND(O13*(1+5.2%),0) -> 5858507 | Q13: =ROUND(P13*(1+5.1%),0) -> 6157291 | R13: =ROUND(H13*Q13+Q13,0) -> 7327176 | S13: =ROUND(R13*G13,0) -> 7327176 | T13: =I13/$AC13-1 -> -0.12894645 | U13: =#REF!/$AC13-1 -> #REF! | V13: =#REF!/$AC13-1 -> #REF! | W13: =#REF!/$AC13-1 -> #REF! | X13: =#REF!/$AC13-1 -> #REF! | Y13: =#REF!/$AC13-1 -> #REF! | Z13: =AC13 -> 5454016 | AA13: =ROUND($H13*Z13+Z13,0) -> 6490279 | AB13: =ROUND(AA13*$G13,0) -> 6490279 | AC13: =ROUND(AVERAGE($I13,$Q13),0) -> 5454016 | AD13: =ROUND($H13*AC13+AC13,0) -> 6490279 | AE13: =ROUND(AD13*$G13,0) -> 6490279 | AF13: =ROUND(GEOMEAN($I13,$Q13),0) -> 5408483 | AG13: =ROUND($H13*AF13+AF13,0) -> 6436095 | AH13: =ROUND(AG13*$G13,0) -> 6436095 | AI13: =ROUND(HARMEAN($I13,$Q13),0) -> 5363331 | AJ13: =ROUND($H13*AI13+AI13,0) -> 6382364 | AK13: =ROUND(AJ13*$G13,0) -> 6382364
A14: 9 | B14: Servicio de fumigación y desinfección de ambientes en áreas interiores, utilizando técnicas como: desinfección desinsectación y desratización para el control de plagas y mantenimiento de las instalaciones libres de microorganismos (hongos, levaduras, bacterias), aplicación de cebos especiales para roedores y voladores, en la sede administrativa ubicada en Calle 12 # 2 -38 en Bogotá | C14: Bogotá -Cundinamarca | D14: Casa administrativa | E14: 858 | F14: Servicio | G14: 1 | H14: 0.19 | I14: 2574000 | J14: =ROUND(H14*I14+I14,0) -> 3063060 | K14: =ROUND(J14*G14,0) -> 3063060 | L14: 978 | M14: 3463900 | N14: =M14/L14 -> 3541.82 | O14: =N14*E14 -> 3038881.6 | P14: =ROUND(O14*(1+5.2%),0) -> 3196903 | Q14: =ROUND(P14*(1+5.1%),0) -> 3359945 | R14: =ROUND(H14*Q14+Q14,0) -> 3998335 | S14: =ROUND(R14*G14,0) -> 3998335 | T14: =I14/$AC14-1 -> -0.13244913 | U14: =#REF!/$AC14-1 -> #REF! | V14: =#REF!/$AC14-1 -> #REF! | W14: =#REF!/$AC14-1 -> #REF! | X14: =#REF!/$AC14-1 -> #REF! | Y14: =#REF!/$AC14-1 -> #REF! | Z14: =AC14 -> 2966973 | AA14: =ROUND($H14*Z14+Z14,0) -> 3530698 | AB14: =ROUND(AA14*$G14,0) -> 3530698 | AC14: =ROUND(AVERAGE($I14,$Q14),0) -> 2966973 | AD14: =ROUND($H14*AC14+AC14,0) -> 3530698 | AE14: =ROUND(AD14*$G14,0) -> 3530698 | AF14: =ROUND(GEOMEAN($I14,$Q14),0) -> 2940833 | AG14: =ROUND($H14*AF14+AF14,0) -> 3499591 | AH14: =ROUND(AG14*$G14,0) -> 3499591 | AI14: =ROUND(HARMEAN($I14,$Q14),0) -> 2914924 | AJ14: =ROUND($H14*AI14+AI14,0) -> 3468760 | AK14: =ROUND(AJ14*$G14,0) -> 3468760
A15: 10 | B15: Servicio de fumigación y desinfección de ambientes en áreas interiores, utilizando técnicas como: desinfección desinsectación y desratización para el control de plagas y mantenimiento de las instalaciones libres de microorganismos (hongos, levaduras, bacterias), aplicación de cebos especiales para roedores y voladores, en la sede del edificio nuevo ubicado en la calle 12 b # 2 - 37 | C15: Bogotá -Cundinamarca | D15: Sede edificio nuevo | E15: 1446.68 | F15: Servicio | G15: 1 | H15: 0.19 | I15: 4338000 | J15: =ROUND(H15*I15+I15,0) -> 5162220 | K15: =ROUND(J15*G15,0) -> 5162220 | L15: 1500 | M15: 5250000 | N15: =M15/L15 -> 3500 | O15: =N15*E15 -> 5063380 | P15: =ROUND(O15*(1+5.2%),0) -> 5326676 | Q15: =ROUND(P15*(1+5.1%),0) -> 5598336 | R15: =ROUND(H15*Q15+Q15,0) -> 6662020 | S15: =ROUND(R15*G15,0) -> 6662020 | T15: =I15/$AC15-1 -> -0.12684112 | U15: =#REF!/$AC15-1 -> #REF! | V15: =#REF!/$AC15-1 -> #REF! | W15: =#REF!/$AC15-1 -> #REF! | X15: =#REF!/$AC15-1 -> #REF! | Y15: =#REF!/$AC15-1 -> #REF! | Z15: =AC15 -> 4968168 | AA15: =ROUND($H15*Z15+Z15,0) -> 5912120 | AB15: =ROUND(AA15*$G15,0) -> 5912120 | AC15: =ROUND(AVERAGE($I15,$Q15),0) -> 4968168 | AD15: =ROUND($H15*AC15+AC15,0) -> 5912120 | AE15: =ROUND(AD15*$G15,0) -> 5912120 | AF15: =ROUND(GEOMEAN($I15,$Q15),0) -> 4928040 | AG15: =ROUND($H15*AF15+AF15,0) -> 5864368 | AH15: =ROUND(AG15*$G15,0) -> 5864368 | AI15: =ROUND(HARMEAN($I15,$Q15),0) -> 4888237 | AJ15: =ROUND($H15*AI15+AI15,0) -> 5817002 | AK15: =ROUND(AJ15*$G15,0) -> 5817002
A16: 11 | B16: Servicio de fumigación y desinfección de ambientes en áreas interiores, utilizando técnicas como: desinfección desinsectación y desratización para el control de plagas y mantenimiento de las instalaciones libres de microorganismos (hongos, levaduras, bacterias), aplicación de cebos especiales para roedores y voladores en la sede misional ubicada en la calle 12 # 2- 41 | C16: Bogotá -Cundinamarca | D16: Casa Misional | E16: 935 | F16: Servicio | G16: 1 | H16: 0.19 | I16: 2805000 | J16: =ROUND(H16*I16+I16,0) -> 3337950 | K16: =ROUND(J16*G16,0) -> 3337950 | L16: 935 | M16: 3296933 | N16: =M16/L16 -> 3526.1316 | O16: =N16*E16 -> 3296933 | P16: =ROUND(O16*(1+5.2%),0) -> 3468374 | Q16: =ROUND(P16*(1+5.1%),0) -> 3645261 | R16: =ROUND(H16*Q16+Q16,0) -> 4337861 | S16: =ROUND(R16*G16,0) -> 4337861 | T16: =I16/$AC16-1 -> -0.13026789 | U16: =#REF!/$AC16-1 -> #REF! | V16: =#REF!/$AC16-1 -> #REF! | W16: =#REF!/$AC16-1 -> #REF! | X16: =#REF!/$AC16-1 -> #REF! | Y16: =#REF!/$AC16-1 -> #REF! | Z16: =AC16 -> 3225131 | AA16: =ROUND($H16*Z16+Z16,0) -> 3837906 | AB16: =ROUND(AA16*$G16,0) -> 3837906 | AC16: =ROUND(AVERAGE($I16,$Q16),0) -> 3225131 | AD16: =ROUND($H16*AC16+AC16,0) -> 3837906 | AE16: =ROUND(AD16*$G16,0) -> 3837906 | AF16: =ROUND(GEOMEAN($I16,$Q16),0) -> 3197649 | AG16: =ROUND($H16*AF16+AF16,0) -> 3805202 | AH16: =ROUND(AG16*$G16,0) -> 3805202 | AI16: =ROUND(HARMEAN($I16,$Q16),0) -> 3170401 | AJ16: =ROUND($H16*AI16+AI16,0) -> 3772777 | AK16: =ROUND(AJ16*$G16,0) -> 3772777
A17: 12 | B17: - La prestación de servicio consiste en la aspersión de un amonio cuaternario para el control de hongos, virus y bacterias. - Toma de muestras de frotis de superficie antes y después de la desinfección en la Biblioteca SEDE Bogotá ICANH | C17: Bogotá -Cundinamarca | D17: Biblioteca Casa administrativa | E17: 120 | F17: Servicio | G17: 2 | H17: 0.19 | I17: 1500000 | J17: =ROUND(H17*I17+I17,0) -> 1785000 | K17: =ROUND(J17*G17,0) -> 3570000 | L17: 978 | M17: 3463900 | N17: =M17/L17 -> 3541.82 | O17: =N17*E17 -> 425018.4 | P17: =ROUND(O17*(1+5.2%),0) -> 447119 | Q17: =ROUND(P17*(1+5.1%),0) -> 469922 | R17: =ROUND(H17*Q17+Q17,0) -> 559207 | S17: =ROUND(R17*G17,0) -> 1118414 | T17: =I17/$AC17-1 -> 0.52290294 | U17: =#REF!/$AC17-1 -> #REF! | V17: =#REF!/$AC17-1 -> #REF! | W17: =#REF!/$AC17-1 -> #REF! | X17: =#REF!/$AC17-1 -> #REF! | Y17: =#REF!/$AC17-1 -> #REF! | Z17: =AC17 -> 984961 | AA17: =ROUND($H17*Z17+Z17,0) -> 1172104 | AB17: =ROUND(AA17*$G17,0) -> 2344208 | AC17: =ROUND(AVERAGE($I17,$Q17),0) -> 984961 | AD17: =ROUND($H17*AC17+AC17,0) -> 1172104 | AE17: =ROUND(AD17*$G17,0) -> 2344208 | AF17: =ROUND(GEOMEAN($I17,$Q17),0) -> 839573 | AG17: =ROUND($H17*AF17+AF17,0) -> 999092 | AH17: =ROUND(AG17*$G17,0) -> 1998184 | AI17: =ROUND(HARMEAN($I17,$Q17),0) -> 715646 | AJ17: =ROUND($H17*AI17+AI17,0) -> 851619 | AK17: =ROUND(AJ17*$G17,0) -> 1703238
A18: VALOR TOTAL ESTUDIO DE MERCADO | K18: =SUM(K6:K17) -> 100695111 | S18: =SUM(S6:S17) -> 68870091 | AB18: =SUM(AB6:AB17) -> 86686605 | AE18: =SUM(AE6:AE17) -> 86686605 | AH18: =SUM(AH6:AH17) -> 81723509 | AK18: =SUM(AK6:AK17) -> 77318009
A19: Para la estimación del presupuesto oficial del presente proceso se realizó un análisis comparativo de la cotización recibida dentro del estudio de mercado. Así comlo los precios históricos del proceso del año 2024, los cuales fueron calculados de acuerdo con la proporcionalidad de la difrencia de áreas aproximadas (mts2) entre el año 2024 y el presente proceso de 2026, adicionalmente, se indexaron los precios con el IPC del año 2025 (5,2%) y 2026 (5,1%). A partir de este análisis, para la estimación del presupuesto se determinó a partir de la media aritmética entre el estudio de mercado del año 2024 y la cotización allegada al presente proceso, y así obtener una estimación más objetiva y consistente con las condiciones del mercado.

Sheet PROCESO 2024
C2: República de Colombia
C3: Instituto Colombiano de Antropología e Historia
C4: Fumigación
C5: Consolidado de cotizaciones
B7: Objeto: | D7: PRESTAR EL SERVICIO DE FUMIGACIÓN PARA DESINSECTACIÓN, DESRATIZACIÓN Y CONTROL DE VECTORES EN LAS EDIFICACIONES DEL ICANH EN LA CIUDAD DE BOGOTÁ Y LOS PARQUES ARQUEOLOGICOS A NIVEL NACIONAL
B12: Notas: (1) Tener en cuenta para cotizar que el plazo de ejecución es estimado. (2) Por favor cotizar los servicios requeridos bajo los términos establecidos en la ficha técnica y el anexo 1 de la misma. (3) Por favor diligenciar la tarifa IVA del servicio requerido ( Según aplique).
B14: Plazo estimado de ejecución (Nota 1) | D14: 5 meses
B16: Descuento | D16: 0
AM17: MTC Elegida
J18: 1 ASEAR | M18: 2 COLOMVEN | P18: 3 EMINSER | S18: 4 JCR | V18: 5 GEOHUILA | AD18: PROMEDIO SIMPLE | AG18: MEDIA GEOMÉTRICA | AJ18: PROMEDIO 3 más BAJAS | AM18: PROMEDIO SIN EXTREMOS | AR18: DESVIACIÓN ESTÁNDAR | AV18: PROMEDIO SIMPLE | AY18: MEDIA GEOMÉTRICA | BB18: PROMEDIO 3 más BAJAS | BE18: PROMEDIO SIN EXTREMOS
B19: ITEM | C19: Detalle servicios (Nota 2) | E19: Ubicación | F19: Unidad de medida | G19: Cantidad de servicios | H19: Área aproximada | I19: TARIFA IVA (%) (Nota 3) | J19: PRECIO UNITARIO ANTES IVA | K19: PRECIO UNITARIO IVA INCLUIDO | L19: PRECIO TOTAL IVA INCLUIDO | M19: PRECIO UNITARIO ANTES IVA | N19: PRECIO UNITARIO IVA INCLUIDO | O19: PRECIO TOTAL IVA INCLUIDO | P19: PRECIO UNITARIO ANTES IVA | Q19: PRECIO UNITARIO IVA INCLUIDO | R19: PRECIO TOTAL IVA INCLUIDO | S19: PRECIO UNITARIO ANTES IVA | T19: PRECIO UNITARIO IVA INCLUIDO | U19: PRECIO TOTAL IVA INCLUIDO | V19: PRECIO UNITARIO ANTES IVA | W19: PRECIO UNITARIO IVA INCLUIDO | X19: PRECIO TOTAL IVA INCLUIDO | AD19: PRECIO UNITARIO ANTES IVA | AE19: PRECIO UNITARIO IVA INCLUIDO | AF19: PRECIO TOTAL IVA INCLUIDO | AG19: PRECIO UNITARIO ANTES IVA | AH19: PRECIO UNITARIO IVA INCLUIDO | AI19: PRECIO TOTAL IVA INCLUIDO | AJ19: PRECIO UNITARIO ANTES IVA | AK19: PRECIO UNITARIO IVA INCLUIDO | AL19: PRECIO TOTAL IVA INCLUIDO | AM19: PRECIO UNITARIO ANTES IVA | AN19: PRECIO UNITARIO IVA INCLUIDO | AO19: PRECIO TOTAL IVA INCLUIDO | AP19: VALOR M2 | AR19: DESVIACIÓN ESTÁNDAR | AS19: LÍMITE INFERIOR | AT19: LÍMITE SUPERIOR | AV19: PRECIO UNITARIO ANTES IVA | AW19: PRECIO UNITARIO IVA INCLUIDO | AX19: PRECIO TOTAL IVA INCLUIDO | AY19: PRECIO UNITARIO ANTES IVA | AZ19: PRECIO UNITARIO IVA INCLUIDO | BA19: PRECIO TOTAL IVA INCLUIDO | BB19: PRECIO UNITARIO ANTES IVA | BC19: PRECIO UNITARIO IVA INCLUIDO | BD19: PRECIO TOTAL IVA INCLUIDO | BE19: PRECIO UNITARIO ANTES IVA | BF19: PRECIO UNITARIO IVA INCLUIDO | BG19: PRECIO TOTAL IVA INCLUIDO
B20: 1 | C20: Servicio de fumigación y desinfección de ambientes en áreas interiores, utilizando técnicas como: desinfección desinsectación, Inmunización de maderas y desratización para el control de plagas y mantenimiento de las instalaciones libres de microorganismos (hongos, levaduras, bacterias), aplicación de cebos especiales para roedores y voladores, en el parque Arqueológico de San Agustín - Huila | E20: San Agustín - Huila | F20: Servicio | G20: 2 | H20: 2671 | I20: 0.19 | J20: 17815570 | K20: 21200528 | L20: 42401056 | M20: 14690500 | N20: 17481695 | O20: 34963390 | P20: 6677500 | Q20: 7946225 | R20: 15892450 | S20: 1940800 | T20: 2309552 | U20: 4619104 | V20: 34381000 | W20: 40913390 | X20: 81826780 | AD20: =IFERROR(ROUND(AVERAGE(J20,M20,P20,S20,V20),0),"") -> 15101074 | AE20: =ROUND(I20*AD20+AD20,0) -> 17970278 | AF20: =ROUND(AE20*G20,0) -> 35940556 | AG20: =IFERROR(ROUND(GEOMEAN(J20,M20,P20,S20,V20),0),"") -> 10312166 | AH20: =ROUND(I20*AG20+AG20,0) -> 12271478 | AI20: =ROUND(AH20*G20,0) -> 24542956 | AJ20: {=IFERROR(ROUND(AVERAGE(SMALL((J20,M20,P20,S20,V20),{1;2;3})),0),"")} -> 7769600 | AK20: =ROUND(I20*AJ20+AJ20,0) -> 9245824 | AL20: =ROUND(AK20*G20,0) -> 18491648 | AM20: {=IFERROR(ROUND(AVERAGE(SMALL((J20,M20,P20,S20,V20),{2;3;4})),0),"")} -> 13061190 | AN20: =ROUND(I20*AM20+AM20,0) -> 15542816 | AO20: =ROUND(AN20*G20,0) -> 31085632 | AP20: =AN20/H20 -> 5819.1 | AR20: =+STDEV(J20,M20,P20,S20,V20) -> 12484010 | AS20: =+AD20-AR20 -> 2617064.1 | AT20: =+AD20+AR20 -> 27585084 | AV20: =IFERROR(ROUND(AVERAGE(J20,M20,P20,S20),0),"") -> 10281093 | AW20: =ROUND(I20*AV20+AV20,0) -> 12234501 | AX20: =ROUND(AW20*G20,0) -> 24469002 | AY20: =IFERROR(ROUND(GEOMEAN(J20,M20,P20,S20),0),"") -> 7631462 | AZ20: =ROUND(I20*AY20+AY20,0) -> 9081440 | BA20: =ROUND(AZ20*G20,0) -> 18162880 | BB20: {=IFERROR(ROUND(AVERAGE(SMALL((J20,M20,P20,S20),{1;2;3})),0),"")} -> 7769600 | BC20: =ROUND(I20*BB20+BB20,0) -> 9245824 | BD20: =ROUND(BC20*G20,0) -> 18491648 | BE20: {=IFERROR(ROUND(AVERAGE(SMALL((J20,M20,P20,S20),{2;3;4})),0),"")} -> 13061190 | BF20: =ROUND(I20*BE20+BE20,0) -> 15542816 | BG20: =ROUND(BF20*G20,0) -> 31085632
B21: 2 | C21: Servicio de fumigación y desinfección de ambientes en áreas interiores, utilizando técnicas como: desinfección desinsectación, Inmunización de maderas y desratización para el control de plagas y mantenimiento de las instalaciones libres de microorganismos (hongos, levaduras, bacterias), aplicación de cebos especiales para roedores y voladores y voladores, en el parque Arqueológico de Alto de los Ídolos, Isnos - Huila. | E21: Ísnos - Huila | F21: Servicio | G21: 2 | H21: 72.38 | I21: 0.19 | J21: 482775 | K21: 574502 | L21: 1149004 | M21: 398090 | N21: 473727 | O21: 947454 | P21: 2500000 | Q21: 2975000 | R21: 5950000 | S21: 1174800 | T21: 1398012 | U21: 2796024 | V21: 796180 | W21: 947454 | X21: 1894908 | AD21: =IFERROR(ROUND(AVERAGE(J21,M21,P21,S21,V21),0),"") -> 1070369 | AE21: =ROUND(I21*AD21+AD21,0) -> 1273739 | AF21: =ROUND(AE21*G21,0) -> 2547478 | AG21: =IFERROR(ROUND(GEOMEAN(J21,M21,P21,S21,V21),0),"") -> 852174 | AH21: =ROUND(I21*AG21+AG21,0) -> 1014087 | AI21: =ROUND(AH21*G21,0) -> 2028174 | AJ21: {=IFERROR(ROUND(AVERAGE(SMALL((J21,M21,P21,S21,V21),{1;2;3})),0),"")} -> 559015 | AK21: =ROUND(I21*AJ21+AJ21,0) -> 665228 | AL21: =ROUND(AK21*G21,0) -> 1330456 | AM21: {=IFERROR(ROUND(AVERAGE(SMALL((J21,M21,P21,S21,V21),{2;3;4})),0),"")} -> 817918 | AN21: =ROUND(I21*AM21+AM21,0) -> 973322 | AO21: =ROUND(AN21*G21,0) -> 1946644 | AP21: =AN21/H21 -> 13447.389 | AR21: =+STDEV(J21,M21,P21,S21,V21) -> 855446.67 | AS21: =+AD21-AR21 -> 214922.33 | AT21: =+AD21+AR21 -> 1925815.7 | AV21: =IFERROR(ROUND(AVERAGE(J21,M21,P21,S21),0),"") -> 1138916 | AW21: =ROUND(I21*AV21+AV21,0) -> 1355310 | AX21: =ROUND(AW21*G21,0) -> 2710620 | AY21: =IFERROR(ROUND(GEOMEAN(J21,M21,P21,S21),0),"") -> 866777 | AZ21: =ROUND(I21*AY21+AY21,0) -> 1031465 | BA21: =ROUND(AZ21*G21,0) -> 2062930 | BB21: {=IFERROR(ROUND(AVERAGE(SMALL((J21,M21,P21,S21),{1;2;3})),0),"")} -> 685222 | BC21: =ROUND(I21*BB21+BB21,0) -> 815414 | BD21: =ROUND(BC21*G21,0) -> 1630828 | BE21: {=IFERROR(ROUND(AVERAGE(SMALL((J21,M21,P21,S21),{2;3;4})),0),"")} -> 1385858 | BF21: =ROUND(I21*BE21+BE21,0) -> 1649171 | BG21: =ROUND(BF21*G21,0) -> 3298342
B22: 3 | C22: Servicio de fumigación y desinfección de ambientes en áreas interiores, utilizando técnicas como: desinfección desinsectación, Inmunización de maderas y desratización para el control de plagas y mantenimiento de las instalaciones libres de microorganismos (hongos, levaduras, bacterias), aplicación de cebos especiales para roedores y voladores y voladores, en el parque Arqueológico de Tierra dentro – Inza,Cauca. | E22: Inzá - Cauca | F22: Servicio | G22: 2 | H22: 381.94 | I22: 0.19 | J22: 2157961 | K22: 2567974 | L22: 5135948 | M22: 2100670 | N22: 2499797 | O22: 4999594 | P22: 1371440 | Q22: 1632014 | R22: 3264028 | S22: 1432800 | T22: 1705032 | U22: 3410064 | V22: 4201340 | W22: 4999595 | X22: 9999190 | AD22: =IFERROR(ROUND(AVERAGE(J22,M22,P22,S22,V22),0),"") -> 2252842 | AE22: =ROUND(I22*AD22+AD22,0) -> 2680882 | AF22: =ROUND(AE22*G22,0) -> 5361764 | AG22: =IFERROR(ROUND(GEOMEAN(J22,M22,P22,S22,V22),0),"") -> 2063623 | AH22: =ROUND(I22*AG22+AG22,0) -> 2455711 | AI22: =ROUND(AH22*G22,0) -> 4911422 | AJ22: {=IFERROR(ROUND(AVERAGE(SMALL((J22,M22,P22,S22,V22),{1;2;3})),0),"")} -> 1634970 | AK22: =ROUND(I22*AJ22+AJ22,0) -> 1945614 | AL22: =ROUND(AK22*G22,0) -> 3891228 | AM22: {=IFERROR(ROUND(AVERAGE(SMALL((J22,M22,P22,S22,V22),{2;3;4})),0),"")} -> 1897144 | AN22: =ROUND(I22*AM22+AM22,0) -> 2257601 | AO22: =ROUND(AN22*G22,0) -> 4515202 | AP22: =AN22/H22 -> 5910.8787 | AR22: =+STDEV(J22,M22,P22,S22,V22) -> 1148710.3 | AS22: =+AD22-AR22 -> 1104131.7 | AT22: =+AD22+AR22 -> 3401552.3 | AV22: =IFERROR(ROUND(AVERAGE(J22,M22,P22,S22),0),"") -> 1765718 | AW22: =ROUND(I22*AV22+AV22,0) -> 2101204 | AX22: =ROUND(AW22*G22,0) -> 4202408 | AY22: =IFERROR(ROUND(GEOMEAN(J22,M22,P22,S22),0),"") -> 1727591 | AZ22: =ROUND(I22*AY22+AY22,0) -> 2055833 | BA22: =ROUND(AZ22*G22,0) -> 4111666 | BB22: {=IFERROR(ROUND(AVERAGE(SMALL((J22,M22,P22,S22),{1;2;3})),0),"")} -> 1634970 | BC22: =ROUND(I22*BB22+BB22,0) -> 1945614 | BD22: =ROUND(BC22*G22,0) -> 3891228 | BE22: {=IFERROR(ROUND(AVERAGE(SMALL((J22,M22,P22,S22),{2;3;4})),0),"")} -> 1897144 | BF22: =ROUND(I22*BE22+BE22,0) -> 2257601 | BG22: =ROUND(BF22*G22,0) -> 4515202
B23: 4 | C23: Servicio de fumigación y desinfección de ambientes en áreas interiores, utilizando técnicas como: desinfección desinsectación, Inmunización de maderas y desratización para el control de plagas y mantenimiento de las instalaciones libres de microorganismos (hongos, levaduras, bacterias), aplicación de cebos especiales para roedores y voladores y voladores, en el parque Arqueológico de Santa María de La Antigua del Darién, Choco. | E23: Unguía - Chocó | F23: Servicio | G23: 2 | H23: 1115 | I23: 0.19 | J23: 6299750 | K23: 7496703 | L23: 14993406 | M23: 6132500 | N23: 7297675 | O23: 14595350 | P23: 5575000 | Q23: 6634250 | R23: 13268500 | S23: 1640800 | T23: 1952552 | U23: 3905104 | V23: 20070000 | W23: 23883300 | X23: 47766600 | AD23: =IFERROR(ROUND(AVERAGE(J23,M23,P23,S23,V23),0),"") -> 7943610 | AE23: =ROUND(I23*AD23+AD23,0) -> 9452896 | AF23: =ROUND(AE23*G23,0) -> 18905792 | AG23: =IFERROR(ROUND(GEOMEAN(J23,M23,P23,S23,V23),0),"") -> 5890630 | AH23: =ROUND(I23*AG23+AG23,0) -> 7009850 | AI23: =ROUND(AH23*G23,0) -> 14019700 | AJ23: {=IFERROR(ROUND(AVERAGE(SMALL((J23,M23,P23,S23,V23),{1;2;3})),0),"")} -> 4449433 | AK23: =ROUND(I23*AJ23+AJ23,0) -> 5294825 | AL23: =ROUND(AK23*G23,0) -> 10589650 | AM23: {=IFERROR(ROUND(AVERAGE(SMALL((J23,M23,P23,S23,V23),{2;3;4})),0),"")} -> 6002417 | AN23: =ROUND(I23*AM23+AM23,0) -> 7142876 | AO23: =ROUND(AN23*G23,0) -> 14285752 | AP23: =AN23/H23 -> 6406.1668 | AR23: =+STDEV(J23,M23,P23,S23,V23) -> 7042149.1 | AS23: =+AD23-AR23 -> 901460.88 | AT23: =+AD23+AR23 -> 14985759 | AV23: =IFERROR(ROUND(AVERAGE(J23,M23,P23,S23),0),"") -> 4912013 | AW23: =ROUND(I23*AV23+AV23,0) -> 5845295 | AX23: =ROUND(AW23*G23,0) -> 11690590 | AY23: =IFERROR(ROUND(GEOMEAN(J23,M23,P23,S23),0),"") -> 4335761 | AZ23: =ROUND(I23*AY23+AY23,0) -> 5159556 | BA23: =ROUND(AZ23*G23,0) -> 10319112 | BB23: {=IFERROR(ROUND(AVERAGE(SMALL((J23,M23,P23,S23),{1;2;3})),0),"")} -> 4449433 | BC23: =ROUND(I23*BB23+BB23,0) -> 5294825 | BD23: =ROUND(BC23*G23,0) -> 10589650 | BE23: {=IFERROR(ROUND(AVERAGE(SMALL((J23,M23,P23,S23),{2;3;4})),0),"")} -> 6002417 | BF23: =ROUND(I23*BE23+BE23,0) -> 7142876 | BG23: =ROUND(BF23*G23,0) -> 14285752
B24: 5 | C24: Servicio de fumigación y desinfección de ambientes en áreas interiores, utilizando técnicas como: desinfección desinsectación, Inmunización de maderas y desratización para el control de plagas y mantenimiento de las instalaciones libres de microorganismos (hongos, levaduras, bacterias), aplicación de cebos especiales para roedores y voladores y voladores, en la sede administrativa Santa Marta, Magdalena. | E24: Santa Marta - Magdalena | F24: Servicio | G24: 2 | H24: 627 | I24: 0.19 | J24: 3901194 | K24: 4642421 | L24: 9284842 | M24: 3448500 | N24: 4103715 | O24: 8207430 | P24: 1567500 | Q24: 1865325 | R24: 3730650 | S24: 1540800 | T24: 1833552 | U24: 3667104 | V24: 11286000 | W24: 13430340 | X24: 26860680 | AD24: =IFERROR(ROUND(AVERAGE(J24,M24,P24,S24,V24),0),"") -> 4348799 | AE24: =ROUND(I24*AD24+AD24,0) -> 5175071 | AF24: =ROUND(AE24*G24,0) -> 10350142 | AG24: =IFERROR(ROUND(GEOMEAN(J24,M24,P24,S24,V24),0),"") -> 3257349 | AH24: =ROUND(I24*AG24+AG24,0) -> 3876245 | AI24: =ROUND(AH24*G24,0) -> 7752490 | AJ24: {=IFERROR(ROUND(AVERAGE(SMALL((J24,M24,P24,S24,V24),{1;2;3})),0),"")} -> 2185600 | AK24: =ROUND(I24*AJ24+AJ24,0) -> 2600864 | AL24: =ROUND(AK24*G24,0) -> 5201728 | AM24: {=IFERROR(ROUND(AVERAGE(SMALL((J24,M24,P24,S24,V24),{2;3;4})),0),"")} -> 2972398 | AN24: =ROUND(I24*AM24+AM24,0) -> 3537154 | AO24: =ROUND(AN24*G24,0) -> 7074308 | AP24: =AN24/H24 -> 5641.3939 | AR24: =+STDEV(J24,M24,P24,S24,V24) -> 4023559.6 | AS24: =+AD24-AR24 -> 325239.36 | AT24: =+AD24+AR24 -> 8372358.6 | AV24: =IFERROR(ROUND(AVERAGE(J24,M24,P24,S24),0),"") -> 2614499 | AW24: =ROUND(I24*AV24+AV24,0) -> 3111254 | AX24: =ROUND(AW24*G24,0) -> 6222508 | AY24: =IFERROR(ROUND(GEOMEAN(J24,M24,P24,S24),0),"") -> 2387511 | AZ24: =ROUND(I24*AY24+AY24,0) -> 2841138 | BA24: =ROUND(AZ24*G24,0) -> 5682276 | BB24: {=IFERROR(ROUND(AVERAGE(SMALL((J24,M24,P24,S24),{1;2;3})),0),"")} -> 2185600 | BC24: =ROUND(I24*BB24+BB24,0) -> 2600864 | BD24: =ROUND(BC24*G24,0) -> 5201728 | BE24: {=IFERROR(ROUND(AVERAGE(SMALL((J24,M24,P24,S24),{2;3;4})),0),"")} -> 2972398 | BF24: =ROUND(I24*BE24+BE24,0) -> 3537154 | BG24: =ROUND(BF24*G24,0) -> 7074308
B25: 6 | C25: Servicio de fumigación y desinfección de ambientes en áreas interiores, utilizando técnicas como: desinfección desinsectación y desratización para el control de plagas y mantenimiento de las instalaciones libres de microorganismos (hongos, levaduras, bacterias), aplicación de cebos especiales para roedores y voladores y voladores, en la sede administrativa de San José del Guaviare | E25: San José del Guaviare - Guaviare | F25: Servicio | G25: 1 | H25: 200 | I25: 0.19 | J25: 1310000 | K25: 1558900 | L25: 1558900 | M25: 1100000 | N25: 1309000 | O25: 1309000 | P25: 1000000 | Q25: 1190000 | R25: 1190000 | S25: 1375100 | T25: 1636369 | U25: 1636369 | V25: 3600000 | W25: 4284000 | X25: 4284000 | AD25: =IFERROR(ROUND(AVERAGE(J25,M25,P25,S25,V25),0),"") -> 1677020 | AE25: =ROUND(I25*AD25+AD25,0) -> 1995654 | AF25: =ROUND(AE25*G25,0) -> 1995654 | AG25: =IFERROR(ROUND(GEOMEAN(J25,M25,P25,S25,V25),0),"") -> 1481358 | AH25: =ROUND(I25*AG25+AG25,0) -> 1762816 | AI25: =ROUND(AH25*G25,0) -> 1762816 | AJ25: {=IFERROR(ROUND(AVERAGE(SMALL((J25,M25,P25,S25,V25),{1;2;3})),0),"")} -> 1136667 | AK25: =ROUND(I25*AJ25+AJ25,0) -> 1352634 | AL25: =ROUND(AK25*G25,0) -> 1352634 | AM25: {=IFERROR(ROUND(AVERAGE(SMALL((J25,M25,P25,S25,V25),{2;3;4})),0),"")} -> 1261700 | AN25: =ROUND(I25*AM25+AM25,0) -> 1501423 | AO25: =ROUND(AN25*G25,0) -> 1501423 | AP25: =AN25/H25 -> 7507.115 | AR25: =+STDEV(J25,M25,P25,S25,V25) -> 1085704.8 | AS25: =+AD25-AR25 -> 591315.2 | AT25: =+AD25+AR25 -> 2762724.8 | AV25: =IFERROR(ROUND(AVERAGE(J25,M25,P25,S25),0),"") -> 1196275 | AW25: =ROUND(I25*AV25+AV25,0) -> 1423567 | AX25: =ROUND(AW25*G25,0) -> 1423567 | AY25: =IFERROR(ROUND(GEOMEAN(J25,M25,P25,S25),0),"") -> 1186450 | AZ25: =ROUND(I25*AY25+AY25,0) -> 1411876 | BA25: =ROUND(AZ25*G25,0) -> 1411876 | BB25: {=IFERROR(ROUND(AVERAGE(SMALL((J25,M25,P25,S25),{1;2;3})),0),"")} -> 1136667 | BC25: =ROUND(I25*BB25+BB25,0) -> 1352634 | BD25: =ROUND(BC25*G25,0) -> 1352634 | BE25: {=IFERROR(ROUND(AVERAGE(SMALL((J25,M25,P25,S25),{2;3;4})),0),"")} -> 1261700 | BF25: =ROUND(I25*BE25+BE25,0) -> 1501423 | BG25: =ROUND(BF25*G25,0) -> 1501423
B26: 7 | C26: Servicio de fumigación y desinfección de ambientes en áreas interiores, utilizando técnicas como: desinfección desinsectación y desratización para el control de plagas y mantenimiento de las instalaciones libres de microorganismos (hongos, levaduras, bacterias), aplicación de cebos especiales para roedores y voladores y voladores, en la bodega ubicada en la Calle 20 a No. 39a -14 en Bogotá | E26: Bogotá -Cundinamarca | F26: Servicio | G26: 2 | H26: 560 | I26: 0.19 | J26: 1988000 | K26: 2365720 | L26: 4731440 | M26: 3080000 | N26: 3665200 | O26: 7330400 | P26: 840000 | Q26: 999600 | R26: 1999200 | S26: 1440800 | T26: 1714552 | U26: 3429104 | V26: 6160000 | W26: 7330400 | X26: 14660800 | AD26: =IFERROR(ROUND(AVERAGE(J26,M26,P26,S26,V26),0),"") -> 2701760 | AE26: =ROUND(I26*AD26+AD26,0) -> 3215094 | AF26: =ROUND(AE26*G26,0) -> 6430188 | AG26: =IFERROR(ROUND(GEOMEAN(J26,M26,P26,S26,V26),0),"") -> 2147268 | AH26: =ROUND(I26*AG26+AG26,0) -> 2555249 | AI26: =ROUND(AH26*G26,0) -> 5110498 | AJ26: {=IFERROR(ROUND(AVERAGE(SMALL((J26,M26,P26,S26,V26),{1;2;3})),0),"")} -> 1422933 | AK26: =ROUND(I26*AJ26+AJ26,0) -> 1693290 | AL26: =ROUND(AK26*G26,0) -> 3386580 | AM26: {=IFERROR(ROUND(AVERAGE(SMALL((J26,M26,P26,S26,V26),{2;3;4})),0),"")} -> 2169600 | AN26: =ROUND(I26*AM26+AM26,0) -> 2581824 | AO26: =ROUND(AN26*G26,0) -> 5163648 | AP26: =AN26/H26 -> 4610.4 | AR26: =+STDEV(J26,M26,P26,S26,V26) -> 2101672.7 | AS26: =+AD26-AR26 -> 600087.26 | AT26: =+AD26+AR26 -> 4803432.7 | AV26: =IFERROR(ROUND(AVERAGE(J26,M26,P26,S26),0),"") -> 1837200 | AW26: =ROUND(I26*AV26+AV26,0) -> 2186268 | AX26: =ROUND(AW26*G26,0) -> 4372536 | AY26: =IFERROR(ROUND(GEOMEAN(J26,M26,P26,S26),0),"") -> 1649919 | AZ26: =ROUND(I26*AY26+AY26,0) -> 1963404 | BA26: =ROUND(AZ26*G26,0) -> 3926808 | BB26: {=IFERROR(ROUND(AVERAGE(SMALL((J26,M26,P26,S26),{1;2;3})),0),"")} -> 1422933 | BC26: =ROUND(I26*BB26+BB26,0) -> 1693290 | BD26: =ROUND(BC26*G26,0) -> 3386580 | BE26: {=IFERROR(ROUND(AVERAGE(SMALL((J26,M26,P26,S26),{2;3;4})),0),"")} -> 2169600 | BF26: =ROUND(I26*BE26+BE26,0) -> 2581824 | BG26: =ROUND(BF26*G26,0) -> 5163648
B27: 8 | C27: Servicio de fumigación y desinfección de ambientes en áreas interiores, utilizando técnicas como: desinfección desinsectación y desratización para el control de plagas y mantenimiento de las instalaciones libres de microorganismos (hongos, levaduras, bacterias), aplicación de cebos especiales para roedores y voladores y voladores, en la bodega ubicada en la Carrera 73A # 69A-33 en Bogotá | E27: Bogotá -Cundinamarca | F27: Servicio | G27: 2 | H27: 1700 | I27: 0.19 | J27: 6035000 | K27: 7181650 | L27: 14363300 | M27: 9350000 | N27: 11126500 | O27: 22253000 | P27: 2550000 | Q27: 3034500 | R27: 6069000 | S27: 1810000 | T27: 2153900 | U27: 4307800 | V27: 18700000 | W27: 22253000 | X27: 44506000 | AD27: =IFERROR(ROUND(AVERAGE(J27,M27,P27,S27,V27),0),"") -> 7689000 | AE27: =ROUND(I27*AD27+AD27,0) -> 9149910 | AF27: =ROUND(AE27*G27,0) -> 18299820 | AG27: =IFERROR(ROUND(GEOMEAN(J27,M27,P27,S27,V27),0),"") -> 5463989 | AH27: =ROUND(I27*AG27+AG27,0) -> 6502147 | AI27: =ROUND(AH27*G27,0) -> 13004294 | AJ27: {=IFERROR(ROUND(AVERAGE(SMALL((J27,M27,P27,S27,V27),{1;2;3})),0),"")} -> 3465000 | AK27: =ROUND(I27*AJ27+AJ27,0) -> 4123350 | AL27: =ROUND(AK27*G27,0) -> 8246700 | AM27: {=IFERROR(ROUND(AVERAGE(SMALL((J27,M27,P27,S27,V27),{2;3;4})),0),"")} -> 5978333 | AN27: =ROUND(I27*AM27+AM27,0) -> 7114216 | AO27: =ROUND(AN27*G27,0) -> 14228432 | AP27: =AN27/H27 -> 4184.8329 | AR27: =+STDEV(J27,M27,P27,S27,V27) -> 6850341.6 | AS27: =+AD27-AR27 -> 838658.4 | AT27: =+AD27+AR27 -> 14539342 | AV27: =IFERROR(ROUND(AVERAGE(J27,M27,P27,S27),0),"") -> 4936250 | AW27: =ROUND(I27*AV27+AV27,0) -> 5874138 | AX27: =ROUND(AW27*G27,0) -> 11748276 | AY27: =IFERROR(ROUND(GEOMEAN(J27,M27,P27,S27),0),"") -> 4017232 | AZ27: =ROUND(I27*AY27+AY27,0) -> 4780506 | BA27: =ROUND(AZ27*G27,0) -> 9561012 | BB27: {=IFERROR(ROUND(AVERAGE(SMALL((J27,M27,P27,S27),{1;2;3})),0),"")} -> 3465000 | BC27: =ROUND(I27*BB27+BB27,0) -> 4123350 | BD27: =ROUND(BC27*G27,0) -> 8246700 | BE27: {=IFERROR(ROUND(AVERAGE(SMALL((J27,M27,P27,S27),{2;3;4})),0),"")} -> 5978333 | BF27: =ROUND(I27*BE27+BE27,0) -> 7114216 | BG27: =ROUND(BF27*G27,0) -> 14228432
B28: 9 | C28: Servicio de fumigación y desinfección de ambientes en áreas interiores, utilizando técnicas como: desinfección desinsectación y desratización para el control de plagas y mantenimiento de las instalaciones libres de microorganismos (hongos, levaduras, bacterias), aplicación de cebos especiales para roedores y voladores y voladores, en la sede administrativa ubicada en Calle 12 # 2 -38 en Bogotá | E28: Bogotá -Cundinamarca | F28: Servicio | G28: 2 | H28: 978 | I28: 0.19 | J28: 3471900 | K28: 4131561 | L28: 8263122 | M28: 5379000 | N28: 6401010 | O28: 12802020 | P28: 1467000 | Q28: 1745730 | R28: 3491460 | S28: 1540800 | T28: 1833552 | U28: 3667104 | V28: 10758000 | W28: 12802020 | X28: 25604040 | AD28: =IFERROR(ROUND(AVERAGE(J28,M28,P28,S28,V28),0),"") -> 4523340 | AE28: =ROUND(I28*AD28+AD28,0) -> 5382775 | AF28: =ROUND(AE28*G28,0) -> 10765550 | AG28: =IFERROR(ROUND(GEOMEAN(J28,M28,P28,S28,V28),0),"") -> 3399659 | AH28: =ROUND(I28*AG28+AG28,0) -> 4045594 | AI28: =ROUND(AH28*G28,0) -> 8091188 | AJ28: {=IFERROR(ROUND(AVERAGE(SMALL((J28,M28,P28,S28,V28),{1;2;3})),0),"")} -> 2159900 | AK28: =ROUND(I28*AJ28+AJ28,0) -> 2570281 | AL28: =ROUND(AK28*G28,0) -> 5140562 | AM28: {=IFERROR(ROUND(AVERAGE(SMALL((J28,M28,P28,S28,V28),{2;3;4})),0),"")} -> 3463900 | AN28: =ROUND(I28*AM28+AM28,0) -> 4122041 | AO28: =ROUND(AN28*G28,0) -> 8244082 | AP28: =AN28/H28 -> 4214.7658 | AR28: =+STDEV(J28,M28,P28,S28,V28) -> 3838796.2 | AS28: =+AD28-AR28 -> 684543.82 | AT28: =+AD28+AR28 -> 8362136.2 | AV28: =IFERROR(ROUND(AVERAGE(J28,M28,P28,S28),0),"") -> 2964675 | AW28: =ROUND(I28*AV28+AV28,0) -> 3527963 | AX28: =ROUND(AW28*G28,0) -> 7055926 | AY28: =IFERROR(ROUND(GEOMEAN(J28,M28,P28,S28),0),"") -> 2548950 | AZ28: =ROUND(I28*AY28+AY28,0) -> 3033251 | BA28: =ROUND(AZ28*G28,0) -> 6066502 | BB28: {=IFERROR(ROUND(AVERAGE(SMALL((J28,M28,P28,S28),{1;2;3})),0),"")} -> 2159900 | BC28: =ROUND(I28*BB28+BB28,0) -> 2570281 | BD28: =ROUND(BC28*G28,0) -> 5140562 | BE28: {=IFERROR(ROUND(AVERAGE(SMALL((J28,M28,P28,S28),{2;3;4})),0),"")} -> 3463900 | BF28: =ROUND(I28*BE28+BE28,0) -> 4122041 | BG28: =ROUND(BF28*G28,0) -> 8244082
B29: 10 | C29: Servicio de fumigación y desinfección de ambientes en áreas interiores, utilizando técnicas como: desinfección desinsectación y desratización para el control de plagas y mantenimiento de las instalaciones libres de microorganismos (hongos, levaduras, bacterias), aplicación de cebos especiales para roedores y voladores y voladores, en la sede del edificio nuevo ubicado en la calle 12 b # 2 - 38 | E29: Bogotá -Cundinamarca | F29: Servicio | G29: 2 | H29: 1500 | I29: 0.19 | J29: 5250000 | K29: 6247500 | L29: 12495000 | M29: 8250000 | N29: 9817500 | O29: 19635000 | P29: 2250000 | Q29: 2677500 | R29: 5355000 | S29: 1710800 | T29: 2035852 | U29: 4071704 | V29: 16500000 | W29: 19635000 | X29: 39270000 | AD29: =IFERROR(ROUND(AVERAGE(J29,M29,P29,S29,V29),0),"") -> 6792160 | AE29: =ROUND(I29*AD29+AD29,0) -> 8082670 | AF29: =ROUND(AE29*G29,0) -> 16165340 | AG29: =IFERROR(ROUND(GEOMEAN(J29,M29,P29,S29,V29),0),"") -> 4874115 | AH29: =ROUND(I29*AG29+AG29,0) -> 5800197 | AI29: =ROUND(AH29*G29,0) -> 11600394 | AJ29: {=IFERROR(ROUND(AVERAGE(SMALL((J29,M29,P29,S29,V29),{1;2;3})),0),"")} -> 3070267 | AK29: =ROUND(I29*AJ29+AJ29,0) -> 3653618 | AL29: =ROUND(AK29*G29,0) -> 7307236 | AM29: {=IFERROR(ROUND(AVERAGE(SMALL((J29,M29,P29,S29,V29),{2;3;4})),0),"")} -> 5250000 | AN29: =ROUND(I29*AM29+AM29,0) -> 6247500 | AO29: =ROUND(AN29*G29,0) -> 12495000 | AP29: =AN29/H29 -> 4165 | AR29: =+STDEV(J29,M29,P29,S29,V29) -> 6024889 | AS29: =+AD29-AR29 -> 767271.01 | AT29: =+AD29+AR29 -> 12817049 | AV29: =IFERROR(ROUND(AVERAGE(J29,M29,P29,S29),0),"") -> 4365200 | AW29: =ROUND(I29*AV29+AV29,0) -> 5194588 | AX29: =ROUND(AW29*G29,0) -> 10389176 | AY29: =IFERROR(ROUND(GEOMEAN(J29,M29,P29,S29),0),"") -> 3593344 | AZ29: =ROUND(I29*AY29+AY29,0) -> 4276079 | BA29: =ROUND(AZ29*G29,0) -> 8552158 | BB29: {=IFERROR(ROUND(AVERAGE(SMALL((J29,M29,P29,S29),{1;2;3})),0),"")} -> 3070267 | BC29: =ROUND(I29*BB29+BB29,0) -> 3653618 | BD29: =ROUND(BC29*G29,0) -> 7307236 | BE29: {=IFERROR(ROUND(AVERAGE(SMALL((J29,M29,P29,S29),{2;3;4})),0),"")} -> 5250000 | BF29: =ROUND(I29*BE29+BE29,0) -> 6247500 | BG29: =ROUND(BF29*G29,0) -> 12495000
B30: 11 | C30: Servicio de fumigación y desinfección de ambientes en áreas interiores, utilizando técnicas como: desinfección desinsectación y desratización para el control de plagas y mantenimiento de las instalaciones libres de microorganismos (hongos, levaduras, bacterias), aplicación de cebos especiales para roedores y voladores y voladores en la sede misional ubicada en la calle 12 # 2-41 | E30: Bogotá -Cundinamarca | F30: Servicio | G30: 2 | H30: 935 | I30: 0.19 | J30: 3272500 | K30: 3894275 | L30: 7788550 | M30: 5142500 | N30: 6119575 | O30: 12239150 | P30: 1402500 | Q30: 1668975 | R30: 3337950 | S30: 1475800 | T30: 1756202 | U30: 3512404 | V30: 10285000 | W30: 12239150 | X30: 24478300 | AD30: =IFERROR(ROUND(AVERAGE(J30,M30,P30,S30,V30),0),"") -> 4315660 | AE30: =ROUND(I30*AD30+AD30,0) -> 5135635 | AF30: =ROUND(AE30*G30,0) -> 10271270 | AG30: =IFERROR(ROUND(GEOMEAN(J30,M30,P30,S30,V30),0),"") -> 3242185 | AH30: =ROUND(I30*AG30+AG30,0) -> 3858200 | AI30: =ROUND(AH30*G30,0) -> 7716400 | AJ30: {=IFERROR(ROUND(AVERAGE(SMALL((J30,M30,P30,S30,V30),{1;2;3})),0),"")} -> 2050267 | AK30: =ROUND(I30*AJ30+AJ30,0) -> 2439818 | AL30: =ROUND(AK30*G30,0) -> 4879636 | AM30: {=IFERROR(ROUND(AVERAGE(SMALL((J30,M30,P30,S30,V30),{2;3;4})),0),"")} -> 3296933 | AN30: =ROUND(I30*AM30+AM30,0) -> 3923350 | AO30: =ROUND(AN30*G30,0) -> 7846700 | AP30: =AN30/H30 -> 4196.0963 | AR30: =+STDEV(J30,M30,P30,S30,V30) -> 3672743.3 | AS30: =+AD30-AR30 -> 642916.71 | AT30: =+AD30+AR30 -> 7988403.3 | AV30: =IFERROR(ROUND(AVERAGE(J30,M30,P30,S30),0),"") -> 2823325 | AW30: =ROUND(I30*AV30+AV30,0) -> 3359757 | AX30: =ROUND(AW30*G30,0) -> 6719514 | AY30: =IFERROR(ROUND(GEOMEAN(J30,M30,P30,S30),0),"") -> 2429384 | AZ30: =ROUND(I30*AY30+AY30,0) -> 2890967 | BA30: =ROUND(AZ30*G30,0) -> 5781934 | BB30: {=IFERROR(ROUND(AVERAGE(SMALL((J30,M30,P30,S30),{1;2;3})),0),"")} -> 2050267 | BC30: =ROUND(I30*BB30+BB30,0) -> 2439818 | BD30: =ROUND(BC30*G30,0) -> 4879636 | BE30: {=IFERROR(ROUND(AVERAGE(SMALL((J30,M30,P30,S30),{2;3;4})),0),"")} -> 3296933 | BF30: =ROUND(I30*BE30+BE30,0) -> 3923350 | BG30: =ROUND(BF30*G30,0) -> 7846700
B31: Precio total IVA incluido | L31: =SUM(L20:L30) -> 122164568 | O31: =SUM(O20:O30) -> 139281788 | R31: =SUM(R20:R30) -> 63548238 | U31: =SUM(U20:U30) -> 39021885 | X31: =SUM(X20:X30) -> 321151298 | AF31: =SUM(AF20:AF30) -> 137033554 | AI31: =SUM(AI20:AI30) -> 100540332 | AL31: =SUM(AL20:AL30) -> 69818058 | AO31: =SUM(AO20:AO30) -> 108386823 | AX31: =SUM(AX20:AX30) -> 91004123 | BA31: =SUM(BA20:BA30) -> 75639154 | BD31: =SUM(BD20:BD30) -> 70118430 | BG31: =SUM(BG20:BG30) -> 109738521

Sheet Resumen
A1: GESTIÓN CONTRACTUAL
A2: ELABORACIÓN ESTUDIOS DE MERCADO - PROCESOS DE GESTIÓN CONTRACTUAL
A3: No. Item | B3: Descripción | C3: Cantidad | D3: Unidad de Medida | E3: Precio unitario estimado IVA incluido | F3: Precio total estimado IVA incluido
A4: 1 | B4: ='Estudio de mercado'!B6 -> Servicio de fumigación y desinfección de ambientes en áreas interiores, utilizando técnicas como: desinfección desinsectación, Inmunización de maderas y desratización para el control de plagas y mantenimiento de las instalaciones libres de microorganismos (hongos, levaduras, bacterias), aplicación de cebos especiales para roedores y voladores, en el parque Arqueológico de San Agustín - | C4: ='Estudio de mercado'!G6 -> 1 | D4: ='Estudio de mercado'!F6 -> Servicio | E4: ='Estudio de mercado'!AA6 -> 28402123 | F4: ='Estudio de mercado'!AB6 -> 28402123
A5: =+A4+1 -> 2 | B5: ='Estudio de mercado'!B7 -> Servicio de fumigación y desinfección de ambientes en áreas interiores, utilizando técnicas como: desinfección desinsectación, Inmunización de maderas y desratización para el control de plagas y mantenimiento de las instalaciones libres de microorganismos (hongos,levaduras,bacterias), aplicación de cebos especiales para roedores y voladores, en el Parque Arqueológico Ídolos, ubicado en la Vereda Ídolos, municipio de Isnos – Huila. | C5: ='Estudio de mercado'!G7 -> 1 | D5: ='Estudio de mercado'!F7 -> Servicio | E5: ='Estudio de mercado'!AA7 -> 7782313 | F5: ='Estudio de mercado'!AB7 -> 7782313
A6: =+A5+1 -> 3 | B6: ='Estudio de mercado'!B8 -> Servicio de fumigación y desinfección de ambientes en áreas interiores, utilizando técnicas como: desinfección desinsectación, Inmunización de maderas y desratización para el control de plagas y mantenimiento de las instalaciones libres de microorganismos (hongos,levaduras,bacterias), aplicación de cebos especiales para roedores y voladores, en el Parque Arqueológico Alto de las Piedras, ubicado en la Vereda Las Delicias, municipio de Isnos – Huila. | C6: ='Estudio de mercado'!G8 -> 1 | D6: ='Estudio de mercado'!F8 -> Servicio | E6: ='Estudio de mercado'!AA8 -> 3808000 | F6: ='Estudio de mercado'!AB8 -> 3808000
A7: =+A6+1 -> 4 | B7: ='Estudio de mercado'!B9 -> Servicio de fumigación y desinfección de ambientes en áreas interiores, utilizando técnicas como: desinfección desinsectación, Inmunización de maderas y desratización para el control de plagas y mantenimiento de las instalaciones libres de microorganismos (hongos, levaduras,bacterias), aplicación de cebos especiales para roedores y voladores, en el parque Arqueológico de Tierradentro – Inzá,Cauca. | C7: ='Estudio de mercado'!G9 -> 1 | D7: ='Estudio de mercado'!F9 -> Servicio | E7: ='Estudio de mercado'!AA9 -> 4895868 | F7: ='Estudio de mercado'!AB9 -> 4895868
A8: =+A7+1 -> 5 | B8: ='Estudio de mercado'!B10 -> Servicio de fumigación y desinfección de ambientes en áreas interiores, utilizando técnicas como: desinfección desinsectación, Inmunización de maderas y desratización para el control de plagas y mantenimiento de las instalaciones libres de microorganismos (hongos, levaduras, bacterias), aplicación de cebos especiales para roedores y voladores, en el parque Arqueológico de Santa María de La Antigua del Darién, Chocó. | C8: ='Estudio de mercado'!G10 -> 1 | D8: ='Estudio de mercado'!F10 -> Servicio | E8: ='Estudio de mercado'!AA10 -> 9067884 | F8: ='Estudio de mercado'!AB10 -> 9067884
A9: =+A8+1 -> 6 | B9: ='Estudio de mercado'!B11 -> Servicio de fumigación y desinfección de ambientes en áreas interiores, utilizando técnicas como: desinfección desinsectación, Inmunización de maderas y desratización para el control de plagas y mantenimiento de las instalaciones libres de microorganismos (hongos, levaduras, bacterias), aplicación de cebos especiales para roedores y voladores, en la sede administrativa Santa Marta, Magdalena. | C9: ='Estudio de mercado'!G11 -> 1 | D9: ='Estudio de mercado'!F11 -> Servicio | E9: ='Estudio de mercado'!AA11 -> 5049431 | F9: ='Estudio de mercado'!AB11 -> 5049431
A10: =+A9+1 -> 7 | B10: ='Estudio de mercado'!B12 -> Servicio de fumigación y desinfección de ambientes en áreas interiores, utilizando técnicas como: desinfección desinsectación y desratización para el control de plagas y mantenimiento de las instalaciones libres de microorganismos (hongos, levaduras, bacterias), aplicación de cebos especiales para roedores y voladores, en la sede administrativa de San José del Guaviare | C10: ='Estudio de mercado'!G12 -> 1 | D10: ='Estudio de mercado'!F12 -> Servicio | E10: ='Estudio de mercado'!AA12 -> 5565775 | F10: ='Estudio de mercado'!AB12 -> 5565775
A11: =+A10+1 -> 8 | B11: ='Estudio de mercado'!B13 -> Servicio de fumigación y desinfección de ambientes en áreas interiores, utilizando técnicas como: desinfección desinsectación y desratización para el control de plagas y mantenimiento de las instalaciones libres de microorganismos (hongos, levaduras, bacterias), aplicación de cebos especiales para roedores y voladores, en la bodega ubicada en la Carrera 73A # 69A-33 en Bogotá | C11: ='Estudio de mercado'!G13 -> 1 | D11: ='Estudio de mercado'!F13 -> Servicio | E11: ='Estudio de mercado'!AA13 -> 6490279 | F11: ='Estudio de mercado'!AB13 -> 6490279
A12: =+A11+1 -> 9 | B12: ='Estudio de mercado'!B14 -> Servicio de fumigación y desinfección de ambientes en áreas interiores, utilizando técnicas como: desinfección desinsectación y desratización para el control de plagas y mantenimiento de las instalaciones libres de microorganismos (hongos, levaduras, bacterias), aplicación de cebos especiales para roedores y voladores, en la sede administrativa ubicada en Calle 12 # 2 -38 en Bogotá | C12: ='Estudio de mercado'!G14 -> 1 | D12: ='Estudio de mercado'!F14 -> Servicio | E12: ='Estudio de mercado'!AA14 -> 3530698 | F12: ='Estudio de mercado'!AB14 -> 3530698
A13: =+A12+1 -> 10 | B13: ='Estudio de mercado'!B15 -> Servicio de fumigación y desinfección de ambientes en áreas interiores, utilizando técnicas como: desinfección desinsectación y desratización para el control de plagas y mantenimiento de las instalaciones libres de microorganismos (hongos, levaduras, bacterias), aplicación de cebos especiales para roedores y voladores, en la sede del edificio nuevo ubicado en la calle 12 b # 2 - 37 | C13: ='Estudio de mercado'!G15 -> 1 | D13: ='Estudio de mercado'!F15 -> Servicio | E13: ='Estudio de mercado'!AA15 -> 5912120 | F13: ='Estudio de mercado'!AB15 -> 5912120
A14: =+A13+1 -> 11 | B14: ='Estudio de mercado'!B16 -> Servicio de fumigación y desinfección de ambientes en áreas interiores, utilizando técnicas como: desinfección desinsectación y desratización para el control de plagas y mantenimiento de las instalaciones libres de microorganismos (hongos, levaduras, bacterias), aplicación de cebos especiales para roedores y voladores en la sede misional ubicada en la calle 12 # 2- 41 | C14: ='Estudio de mercado'!G16 -> 1 | D14: ='Estudio de mercado'!F16 -> Servicio | E14: ='Estudio de mercado'!AA16 -> 3837906 | F14: ='Estudio de mercado'!AB16 -> 3837906
A15: =+A14+1 -> 12 | B15: ='Estudio de mercado'!B17 -> - La prestación de servicio consiste en la aspersión de un amonio cuaternario para el control de hongos, virus y bacterias. - Toma de muestras de frotis de superficie antes y después de la desinfección en la Biblioteca SEDE Bogotá ICANH | C15: ='Estudio de mercado'!G17 -> 2 | D15: ='Estudio de mercado'!F17 -> Servicio | E15: ='Estudio de mercado'!AA17 -> 1172104 | F15: ='Estudio de mercado'!AB17 -> 2344208
A16: VALOR TOTAL ESTUDIO DE MERCADO | F16: =SUM(F4:F15) -> 86686605
A19: Observaciones:

Sheet listado de unidades
A1: UNIDADES
A2: Nombre | B2: Descripción
A3: µA | B3: Microamperio
A4: µGL | B4: Microgramos/Litro
A5: µGQ | B5: Microgramos/ Metro cúbico
A6: µM | B6: Micrómetro
A7: 2IN | B7: Pulgada cuadrada
A8: A | B8: Amperio
A9: ACR | B9: Acre
A10: ANO | B10: Año
A11: ARR | B11: Arroba
A12: AT | B12: Hierro atado
A13: BDN | B13: Bidón
... A186: YD | B186: Yarda
